 Dungeon Crawl Stone Soup version 0.27-a0-972-gd1521fd518 (webtiles) character file.

Game seed: 10588525096911851249

67 siradein the Gusty (level 3, -1/24 HPs)
             Began as a Vampire Air Elementalist on Apr 13, 2021.
             Killed from afar by an orc wizard (6 damage)
             ... with a magic dart
             ... on level 3 of the Dungeon.
             The game lasted 00:06:33 (2059 turns).

siradein the Gusty (Vampire Air Elementalist)       Turns: 2059, Time: 00:06:34

Health: -1/24      AC:  6    Str:  7    XL:     3   Next: 98%
Magic:  3/7        EV: 12    Int: 18    God:
Gold:   105        SH:  0    Dex: 14    Spells: 5/8 levels left

rFire    + . .     SeeInvis +   j - +0 short sword (venom)
rCold    + . .     Faith    .   (no shield)
rNeg     . . .     Spirit   .   a - +0 robe
rPois    .         Reflect  .   (no helmet)
rElec    .         Harm     .   c - scarf {rC+ rF+}
rCorr    +         Rampage  .   i - +2 pair of gloves
Will     .....                  g - +0 pair of boots
Stlth    ++........             (no amulet)
HPRegen  0.28/turn              h - ring of resist corrosion
MPRegen  0.10/turn              (no ring)

@: regenerating quickly
A: alive, fangs 3, see invisible, unbreathing 1, vampiric 2
a: Exsanguinate


You were on level 3 of the Dungeon.
You visited 1 branch of the dungeon, and saw 3 of its levels.

You collected 105 gold pieces.

Inventory:

Hand Weapons
 j - a +0 short sword of venom (weapon)
Armour
 a - a +0 robe (worn)
 c - a scarf of resistance (worn)
 g - a +0 pair of boots (worn)
 i - a +2 pair of gloves (worn)
Jewellery
 h - a ring of resist corrosion (left hand)
Scrolls
 b - 2 scrolls of identify {unknown}
 d - a scroll of teleportation {unknown}
 e - a scroll of summoning {unknown}
 f - 2 scrolls of enchant armour {unknown}
 k - a scroll of fear {unknown}
Potions
 l - a potion of curing {unknown}


   Skills:
 - Level 2.1 Dodging
 - Level 3.0 Stealth
 + Level 3.1 Spellcasting
 - Level 0.6 Conjurations
 + Level 4.0 Air Magic


You had 5 spell levels left.
You knew the following spells:

 Your Spells              Type           Power      Damage    Failure   Level
a - Shock                 Conj/Air       44%        1d5       6%          1
b - Swiftness             Air            17%        N/A       4%          2

Your spell library contained the following spells:

 Spells                   Type           Power      Damage    Failure   Level
 Static Discharge         Conj/Air       11%        N/A       19%         3
 Airstrike                Air            8%         N/A       30%         4
 Lightning Bolt           Conj/Air       5%         1d17      86%         5


Dungeon Overview and Level Annotations

Branches:
Dungeon (3/15)

Altars:

Shops:
D:2 (?[(


Innate Abilities, Weirdness & Mutations

Your natural rate of healing is unusually fast.
You have razor-sharp teeth.
You have supernaturally acute eyesight. (SInv)
You can survive without breathing.
You are afflicted with vampirism and can become a bat while bloodless.


Message History

You hit the orc wizard but do no damage.
The orc wizard is poisoned.
You bite the orc wizard.
The orc wizard is heavily wounded.
The orc wizard gestures at you while chanting.
The magic dart hits you.
You closely miss the orc wizard.
The orc wizard is heavily wounded.
The orc wizard points at you and mumbles some strange words.
The magic dart hits you.
You hit the orc wizard.
The orc wizard looks as sick as possible!
The orc wizard is severely wounded.
The orc wizard points at you and mumbles some strange words.
The magic dart hits you!
A goblin comes into view. It is wielding a +0 club.
The goblin shouts!
You hit the orc wizard.
You kill the orc wizard!
The orc wizard points at itself and mumbles some strange words.
The orc wizard flickers and vanishes for a moment.
Your Spellcasting skill increases to level 3!
Your Air Magic skill increases to level 4!
You barely miss the orc. Your bite misses the orc.
The orc hits you with a +0 whip.
* * * LOW HITPOINT WARNING * * *
You hit the orc.
The orc is poisoned.
The orc is lightly wounded.
The orc closely misses you.
You hit the orc but do no damage.
The orc looks as sick as possible!
The orc is lightly wounded.
The orc hits you with a +0 whip.
* * * LOW HITPOINT WARNING * * *
You kill the orc!
The orc wizard closely misses you.
You miss the orc wizard.
The orc wizard hits you but does no damage.
You completely miss the orc wizard.
The orc wizard points at you and mumbles some strange words.
The magic dart hits you.
You die...

.......
.... #)##
#..# ##.#
#.# #g#
#o# #@#
#.# #.#
########.#
.......<.#
##########


You could see an orc wizard (invisible) and a goblin.

Vanquished Creatures
  An orc wizard (D:3)
  A dart slug (D:1)
  An orc (D:3)
  2 ball pythons
  5 endoplasms
  2 giant cockroaches (D:1)
  5 goblins
  2 hobgoblins
  A kobold (D:2)
  3 quokkas
  8 bats
  4 frilled lizards
35 creatures vanquished.

Vanquished Creatures (others)
  5 toadstools (D:1)
5 creatures vanquished.

Grand Total: 40 creatures vanquished

Notes
Turn   | Place    | Note
-------+----------+-------------------------------------------
     0 | D:1      | siradein the Vampire Air Elementalist began the quest for
                  | the Orb.
     0 | D:1      | Reached XP level 1. HP: 13/13 MP: 3/3
   392 | D:1      | Reached XP level 2. HP: 19/19 MP: 0/5
  1018 | D:2      | Found Jeux's Antique Armour Shop.
  1019 | D:2      | Found Ribbopiu's Antique Weapon Shoppe.
  1117 | D:2      | Learned a level 2 spell: Swiftness
  1299 | D:2      | Gained mutation: You are afflicted with vampirism and can
                  | become a bat while bloodless. [Vampire growth]
  1299 | D:2      | Reached XP level 3. HP: 24/24 MP: 1/7
  1510 | D:2      | Found Wygulyczu's Magic Scroll Shoppe.
  1584 | D:2      | Found a faded altar of an unknown god.
  1640 | D:2      | Found Wadi's Antique Weapon Shoppe.
  2048 | D:3      | Reached skill level 4 in Air Magic
  2059 | D:3      | Killed from afar by an orc wizard

Illustrated notes

Levels and vault maps discovered:
D:1:      ldierk_walled_garden, layout_loops_ring
D:2:      layout_loops_ring, serial_shops, shop, shop,
          nicolae_shop_behind_doors, nicolae_shop_crystal,
          shapermc_ecumenical_altar_starsandcircs, chequers_jeans
D:3:      layout_loops_ring, bloody_makhleb, fountainhead, minivault_19

Skill      XL: |  1  2  3 |
---------------+----------+-----
Spellcasting   | 3 |  3.1
Air Magic      | 4 |  4.0
Dodging        | |  2.1
Stealth        | |  3.0
Conjurations   | |  0.6

Action                   || total
-------------------------++-------
Melee: Short sword       ||    11
       Bite              ||     1
 Cast: Shock             ||    61
Armor: Robe              ||     3
Dodge: Dodged            ||    11

Table legend: (Time is in decaauts)
 A = Elapsed time spent in this place.
 B = Non-inter-level travel time spent in this place.
 C = Inter-level travel time spent in this place.
 D = Time resting spent in this place.
 E = Time spent auto-exploring this place.
 F = Levels seen in this place.
 G = Mean time per level.
                   A        B        C        D        E       F      G
               +--------+--------+--------+--------+--------+-----+--------+
         Total |   2059 |   1991 |     68 |      0 |   1762 |   3 |  686.3 |
       Dungeon |   2059 |   1991 |     68 |      0 |   1762 |   3 |  686.3 |
               +--------+--------+--------+--------+--------+-----+--------+

Top non-repeatable levels by time:
     D:1: 1010 daAuts
     D:2: 999 daAuts
     D:3: 49 daAuts
